[ PARTIDA AOE2 · #505444426 ]
UnrankedSicilianos vs Muisca
Equipo del jugador · VICT
Equipo rival · DERR
[ ANÁLISIS DE REPETICIÓN · EXTRAÍDO DE LA PARTIDA GRABADA ]
Feudal
18:55
Castillos
—
Imperial
—
| APM promedio | 56.8 |
| APM pico | 112 |
| eAPM promedio | 28.4 |
| Aldeanos / militares | 43 / 3 |
Foco
⚔️ 32.7% · 🌾 67.3%
Fishing Ship ×5 · Serjeant ×3 · Unknown (2626) ×2
Feudal
10:45
Castillos
—
Imperial
—
| APM promedio | 35.2 |
| APM pico | 63 |
| eAPM promedio | 22.4 |
| Aldeanos / militares | 43 / 1 |
Foco
⚔️ 34.1% · 🌾 65.9%
Transport Ship ×1
Mapa de la partida
Recursos iniciales + cada clic de construcción. Líneas = muros · curvas = relieve. ◆ oro · ⬟ piedra · ● bayas · ✦ reliquia · ◌ hueco del cierre
Tu base· Abierta — flanco sin cerrar
Base de Zozénia· Abierta — flanco sin cerrar
Terreno inicial suavizado · ◌ = hueco del cierre detectado · pasá el cursor para detalles
Inputs por minuto
— twitch: aoe2_billybadbeat - - Zozénia
Build order — twitch: aoe2_billybadbeat
138 acciones detectadas en el replay
| 0:00 | Encolar | Villager (Male) |
| 0:00 | Encolar | Villager (Male) |
| 0:02 | Construir | House |
| 0:05 | Investigar | Loom |
| 0:06 | Construir | House |
| 0:08 | Construir | House |
| 0:09 | Encolar | Villager (Male) |
| 0:09 | Encolar | Villager (Male) |
| 0:20 | Encolar | Villager (Male) |
| 0:21 | Encolar | Villager (Male) |
| 0:21 | Encolar | Villager (Male) |
| 1:31 | Construir | Lumber Camp |
| 1:33 | Encolar | Villager (Male) |
| 1:59 | Construir | Palisade Wall |
| 2:01 | Construir | Palisade Wall |
| 2:02 | Construir | Palisade Wall |
| 2:04 | Construir | Palisade Wall |
| 2:05 | Construir | Palisade Wall |
| 2:29 | Encolar | Villager (Male) |
| 2:29 | Encolar | Villager (Male) |
| 2:45 | Construir | House |
| 2:58 | Encolar | Villager (Male) |
| 3:13 | Construir | Palisade Wall |
| 3:15 | Construir | Palisade Wall |
| 3:18 | Construir | Palisade Wall |
| 3:18 | Construir | Palisade Wall |
| 3:20 | Construir | Palisade Wall |
| 3:22 | Encolar | Villager (Male) |
| 3:33 | Construir | Palisade Wall |
| 3:34 | Construir | Palisade Wall |
| 3:39 | Construir | Palisade Wall |
| 3:56 | Encolar | Villager (Male) |
| 4:32 | Construir | Palisade Wall |
| 4:34 | Construir | Palisade Wall |
| 4:48 | Encolar | Villager (Male) |
| 4:53 | Construir | Palisade Wall |
| 5:20 | Construir | Palisade Wall |
| 5:23 | Construir | Palisade Wall |
| 5:31 | Encolar | Villager (Male) |
| 5:32 | Encolar | Villager (Male) |
| 5:59 | Construir | House |
| 6:13 | Encolar | Villager (Male) |
| 6:31 | Encolar | Villager (Male) |
| 6:37 | Encolar | Villager (Male) |
| 6:43 | Encolar | Villager (Male) |
| 6:47 | Construir | Mill |
| 6:49 | Construir | House |
| 6:51 | Construir | House |
| 6:58 | Construir | Palisade Wall |
| 7:04 | Construir | Palisade Wall |
| 7:13 | Encolar | Villager (Male) |
| 7:34 | Encolar | Villager (Male) |
| 7:53 | Encolar | Villager (Male) |
| 8:06 | Construir | House |
| 8:12 | Encolar | Villager (Male) |
| 8:51 | Construir | Town Center |
| 8:53 | Construir | House |
| 8:59 | Construir | Palisade Wall |
| 9:03 | Construir | Palisade Wall |
| 9:05 | Construir | Palisade Wall |
| 9:06 | Construir | Palisade Wall |
| 9:10 | Construir | Palisade Wall |
| 9:14 | Construir | Palisade Wall |
| 9:15 | Construir | Palisade Wall |
| 9:16 | Construir | Palisade Wall |
| 9:35 | Encolar | Villager (Male) |
| 9:40 | Encolar | Villager (Male) |
| 9:55 | Encolar | Villager (Male) |
| 9:58 | Encolar | Villager (Male) |
| 10:04 | Construir | House |
| 10:07 | Construir | Palisade Wall |
| 10:09 | Construir | Palisade Wall |
| 10:10 | Construir | Palisade Wall |
| 10:12 | Construir | Palisade Wall |
| 10:15 | Construir | Palisade Wall |
| 10:17 | Construir | Palisade Wall |
| 10:21 | Encolar | Villager (Male) |
| 10:24 | Encolar | Villager (Male) |
| 10:43 | Construir | Palisade Gate |
| 10:55 | Encolar | Villager (Male) |
| 11:01 | Construir | House |
| 11:05 | Construir | Palisade Wall |
| 11:13 | Construir | Palisade Wall |
| 11:14 | Construir | Palisade Wall |
| 11:33 | Encolar | Villager (Male) |
| 11:37 | Construir | House |
| 12:14 | Encolar | Villager (Male) |
| 12:32 | Construir | Farm |
| 12:52 | Construir | Town Center |
| 12:58 | Construir | House |
| 13:10 | Construir | Dock |
| 13:45 | Encolar | Villager (Male) |
| 13:45 | Encolar | Villager (Male) |
| 14:03 | Encolar | Villager (Male) |
| 14:11 | Construir | Mill |
| 14:27 | Encolar | Fishing Ship |
| 14:40 | Encolar | Villager (Male) |
| 14:55 | Encolar | Villager (Male) |
| 15:01 | Construir | House |
| 15:02 | Construir | House |
| 15:11 | Encolar | Fishing Ship |
| 15:12 | Encolar | Villager (Male) |
| 15:30 | Construir | Mining Camp |
| 16:09 | Construir | Outpost |
| 16:11 | Construir | Outpost |
| 16:12 | Construir | Outpost |
| 16:16 | Encolar | Fishing Ship |
| 16:45 | Investigar | Feudal Age |
| 16:54 | Construir | Outpost |
| 17:05 | Construir | Donjon |
| 17:20 | Construir | Palisade Wall |
| 17:21 | Construir | Palisade Wall |
| 17:33 | Encolar | Fishing Ship |
| 17:56 | Construir | Mining Camp |
| 18:08 | Encolar | Fishing Ship |
| 18:25 | Encolar | Villager (Male) |
| 18:31 | Construir | Donjon |
| 18:33 | Construir | Palisade Wall |
| 18:34 | Construir | Palisade Wall |
| 18:34 | Construir | Palisade Wall |
| 18:35 | Construir | Palisade Wall |
| 18:35 | Construir | Palisade Wall |
| 18:35 | Construir | Palisade Wall |
| 18:36 | Construir | Palisade Wall |
| 18:36 | Construir | Palisade Wall |
| 18:36 | Construir | Palisade Wall |
| 18:36 | Construir | Palisade Wall |
| 18:37 | Construir | Palisade Wall |
| 18:55 | Edad | Edad Feudal |
| 19:00 | Encolar | Serjeant |
| 19:01 | Encolar | Serjeant |
| 20:12 | Encolar | Villager (Male) |
| 20:14 | Encolar | Villager (Male) |
| 20:20 | Construir | House |
| 20:23 | Encolar | Serjeant |
| 20:35 | Encolar | Unit 2626 |
| 20:36 | Encolar | Unit 2626 |
| 20:43 | Encolar | Villager (Male) |
Build order — Zozénia
123 acciones detectadas en el replay
| 0:00 | Encolar | Villager (Male) |
| 0:00 | Encolar | Villager (Male) |
| 0:03 | Investigar | Loom |
| 0:05 | Construir | House |
| 0:07 | Construir | House |
| 0:25 | Encolar | Villager (Male) |
| 0:25 | Encolar | Villager (Male) |
| 0:31 | Encolar | Villager (Male) |
| 0:32 | Encolar | Villager (Male) |
| 1:09 | Construir | Settlement |
| 1:14 | Encolar | Villager (Male) |
| 1:45 | Encolar | Villager (Male) |
| 2:15 | Encolar | Villager (Male) |
| 3:09 | Construir | House |
| 3:20 | Construir | House |
| 3:24 | Encolar | Villager (Male) |
| 3:30 | Construir | House |
| 3:38 | Construir | Palisade Wall |
| 4:00 | Encolar | Villager (Male) |
| 4:00 | Encolar | Villager (Male) |
| 4:02 | Encolar | Villager (Male) |
| 4:25 | Encolar | Villager (Male) |
| 4:27 | Encolar | Villager (Male) |
| 5:01 | Encolar | Villager (Male) |
| 5:16 | Construir | Palisade Wall |
| 5:40 | Encolar | Villager (Male) |
| 5:56 | Encolar | Villager (Male) |
| 6:18 | Encolar | Villager (Male) |
| 6:40 | Encolar | Villager (Male) |
| 7:25 | Construir | Settlement |
| 7:33 | Encolar | Villager (Male) |
| 7:41 | Construir | Palisade Wall |
| 7:44 | Construir | Palisade Wall |
| 8:07 | Encolar | Villager (Male) |
| 8:21 | Encolar | Villager (Male) |
| 8:35 | Investigar | Feudal Age |
| 8:46 | Construir | Farm |
| 8:53 | Construir | Farm |
| 9:14 | Construir | House |
| 9:47 | Construir | Settlement |
| 9:59 | Construir | House |
| 10:02 | Construir | Palisade Wall |
| 10:03 | Encolar | Villager (Male) |
| 10:45 | Edad | Edad Feudal |
| 10:54 | Encolar | Villager (Male) |
| 11:09 | Construir | Watch Tower |
| 11:33 | Encolar | Villager (Male) |
| 12:18 | Encolar | Villager (Male) |
| 12:28 | Construir | Town Center |
| 12:36 | Construir | Palisade Wall |
| 12:39 | Construir | Palisade Wall |
| 12:44 | Construir | Palisade Wall |
| 12:46 | Construir | Palisade Wall |
| 12:50 | Construir | Palisade Wall |
| 12:53 | Construir | Palisade Wall |
| 13:54 | Construir | House |
| 13:55 | Construir | Palisade Wall |
| 13:56 | Construir | Palisade Wall |
| 13:57 | Construir | Palisade Wall |
| 13:57 | Construir | Palisade Wall |
| 13:58 | Construir | Palisade Wall |
| 13:59 | Encolar | Villager (Male) |
| 14:10 | Construir | Palisade Wall |
| 14:35 | Construir | House |
| 14:36 | Encolar | Villager (Male) |
| 15:03 | Encolar | Villager (Male) |
| 15:12 | Construir | Settlement |
| 15:16 | Construir | House |
| 15:18 | Construir | Palisade Wall |
| 15:18 | Construir | Palisade Wall |
| 15:21 | Construir | House |
| 15:26 | Encolar | Villager (Male) |
| 15:35 | Encolar | Villager (Male) |
| 15:43 | Encolar | Villager (Male) |
| 15:46 | Construir | Farm |
| 15:47 | Construir | Farm |
| 15:48 | Encolar | Villager (Male) |
| 15:50 | Construir | House |
| 15:51 | Encolar | Villager (Male) |
| 16:05 | Encolar | Villager (Male) |
| 16:11 | Construir | Outpost |
| 16:15 | Construir | Outpost |
| 16:30 | Construir | Watch Tower |
| 16:35 | Construir | Outpost |
| 16:36 | Encolar | Villager (Male) |
| 16:42 | Construir | House |
| 16:45 | Construir | Palisade Wall |
| 16:46 | Construir | Palisade Wall |
| 16:48 | Construir | Palisade Wall |
| 16:52 | Encolar | Villager (Male) |
| 16:54 | Construir | House |
| 17:18 | Construir | Blacksmith |
| 17:20 | Construir | Palisade Wall |
| 17:20 | Construir | Palisade Wall |
| 17:31 | Construir | Outpost |
| 17:31 | Encolar | Villager (Male) |
| 17:42 | Construir | Palisade Wall |
| 17:53 | Construir | Outpost |
| 17:55 | Encolar | Villager (Male) |
| 18:00 | Construir | Palisade Wall |
| 18:01 | Construir | Palisade Wall |
| 18:08 | Investigar | Fletching |
| 18:17 | Construir | Watch Tower |
| 18:27 | Construir | Palisade Wall |
| 18:28 | Construir | Palisade Wall |
| 18:29 | Construir | Palisade Wall |
| 18:29 | Construir | Palisade Wall |
| 18:29 | Construir | Palisade Wall |
| 18:30 | Construir | Palisade Wall |
| 18:30 | Construir | Palisade Wall |
| 18:30 | Construir | Palisade Wall |
| 18:31 | Construir | Palisade Wall |
| 18:31 | Construir | Palisade Wall |
| 18:32 | Construir | Palisade Wall |
| 18:33 | Encolar | Villager (Male) |
| 18:40 | Construir | Farm |
| 18:42 | Construir | Farm |
| 18:46 | Encolar | Villager (Male) |
| 19:28 | Encolar | Villager (Male) |
| 19:39 | Construir | Dock |
| 19:54 | Construir | House |
| 20:18 | Construir | Market |
| 20:33 | Encolar | Transport Ship |
Cronología de la partida
| 1:59 | twitch: aoe2_billybadbeat · wall_segment Palisade Wall x1 |
| 2:01 | twitch: aoe2_billybadbeat · wall_segment Palisade Wall x1 |
| 2:02 | twitch: aoe2_billybadbeat · wall_segment Palisade Wall x1 |
| 2:04 | twitch: aoe2_billybadbeat · wall_segment Palisade Wall x1 |
| 2:05 | twitch: aoe2_billybadbeat · wall_segment Palisade Wall x1 |
| 3:13 | twitch: aoe2_billybadbeat · wall_segment Palisade Wall x2 |
| 3:15 | twitch: aoe2_billybadbeat · wall_segment Palisade Wall x3 |
| 3:18 | twitch: aoe2_billybadbeat · wall_segment Palisade Wall x1 |
| 3:18 | twitch: aoe2_billybadbeat · wall_segment Palisade Wall x4 |
| 3:20 | twitch: aoe2_billybadbeat · wall_segment Palisade Wall x1 |
| 3:33 | twitch: aoe2_billybadbeat · wall_segment Palisade Wall x1 |
| 3:34 | twitch: aoe2_billybadbeat · wall_segment Palisade Wall x3 |
| 3:38 | Zozénia · wall_segment Palisade Wall x4 |
| 3:39 | twitch: aoe2_billybadbeat · wall_segment Palisade Wall x1 |
| 4:32 | twitch: aoe2_billybadbeat · wall_segment Palisade Wall x1 |
| 4:34 | twitch: aoe2_billybadbeat · wall_segment Palisade Wall x1 |
| 4:53 | twitch: aoe2_billybadbeat · wall_segment Palisade Wall x1 |
| 5:16 | Zozénia · wall_segment Palisade Wall x1 |
| 5:20 | twitch: aoe2_billybadbeat · wall_segment Palisade Wall x1 |
| 5:23 | twitch: aoe2_billybadbeat · wall_segment Palisade Wall x1 |
| 6:58 | twitch: aoe2_billybadbeat · wall_segment Palisade Wall x1 |
| 7:04 | twitch: aoe2_billybadbeat · wall_segment Palisade Wall x1 |
| 7:41 | Zozénia · wall_segment Palisade Wall x1 |
| 7:44 | Zozénia · wall_segment Palisade Wall x10 |
| 8:59 | twitch: aoe2_billybadbeat · wall_segment Palisade Wall x1 |
| 9:03 | twitch: aoe2_billybadbeat · wall_segment Palisade Wall x1 |
| 9:05 | twitch: aoe2_billybadbeat · wall_segment Palisade Wall x1 |
| 9:06 | twitch: aoe2_billybadbeat · wall_segment Palisade Wall x1 |
| 9:10 | twitch: aoe2_billybadbeat · wall_segment Palisade Wall x1 |
| 9:14 | twitch: aoe2_billybadbeat · wall_segment Palisade Wall x1 |
| 9:15 | twitch: aoe2_billybadbeat · wall_segment Palisade Wall x1 |
| 9:16 | twitch: aoe2_billybadbeat · wall_segment Palisade Wall x1 |
| 10:02 | Zozénia · wall_segment Palisade Wall x1 |
| 10:07 | twitch: aoe2_billybadbeat · wall_segment Palisade Wall x1 |
| 10:09 | twitch: aoe2_billybadbeat · wall_segment Palisade Wall x1 |
| 10:10 | twitch: aoe2_billybadbeat · wall_segment Palisade Wall x1 |
| 10:12 | twitch: aoe2_billybadbeat · wall_segment Palisade Wall x1 |
| 10:15 | twitch: aoe2_billybadbeat · wall_segment Palisade Wall x1 |
| 10:17 | twitch: aoe2_billybadbeat · wall_segment Palisade Wall x1 |
| 10:45 | Zozénia · age_up feudal |
| 11:05 | twitch: aoe2_billybadbeat · wall_segment Palisade Wall x1 |
| 11:13 | twitch: aoe2_billybadbeat · wall_segment Palisade Wall x1 |
| 11:14 | twitch: aoe2_billybadbeat · wall_segment Palisade Wall x1 |
| 12:36 | Zozénia · wall_segment Palisade Wall x1 |
| 12:39 | Zozénia · wall_segment Palisade Wall x1 |
| 12:44 | Zozénia · wall_segment Palisade Wall x1 |
| 12:46 | Zozénia · wall_segment Palisade Wall x1 |
| 12:50 | Zozénia · wall_segment Palisade Wall x1 |
| 12:53 | Zozénia · wall_segment Palisade Wall x1 |
| 13:10 | twitch: aoe2_billybadbeat · first_building Dock |
| 13:55 | Zozénia · wall_segment Palisade Wall x1 |
| 13:56 | Zozénia · wall_segment Palisade Wall x1 |
| 13:57 | Zozénia · wall_segment Palisade Wall x1 |
| 13:57 | Zozénia · wall_segment Palisade Wall x1 |
| 13:58 | Zozénia · wall_segment Palisade Wall x1 |
| 14:10 | Zozénia · wall_segment Palisade Wall x1 |
| 15:18 | Zozénia · wall_segment Palisade Wall x2 |
| 15:18 | Zozénia · wall_segment Palisade Wall x1 |
| 16:45 | Zozénia · wall_segment Palisade Wall x1 |
| 16:46 | Zozénia · wall_segment Palisade Wall x1 |
| 16:48 | Zozénia · wall_segment Palisade Wall x1 |
| 17:05 | twitch: aoe2_billybadbeat · first_building Donjon |
| 17:20 | twitch: aoe2_billybadbeat · wall_segment Palisade Wall x1 |
| 17:20 | Zozénia · wall_segment Palisade Wall x1 |
| 17:20 | Zozénia · wall_segment Palisade Wall x1 |
| 17:21 | twitch: aoe2_billybadbeat · wall_segment Palisade Wall x1 |
| 17:42 | Zozénia · wall_segment Palisade Wall x3 |
| 18:00 | Zozénia · wall_segment Palisade Wall x1 |
| 18:01 | Zozénia · wall_segment Palisade Wall x1 |
| 18:27 | Zozénia · wall_segment Palisade Wall x3 |
| 18:28 | Zozénia · wall_segment Palisade Wall x3 |
| 18:29 | Zozénia · wall_segment Palisade Wall x1 |
| 18:29 | Zozénia · wall_segment Palisade Wall x1 |
| 18:29 | Zozénia · wall_segment Palisade Wall x2 |
| 18:30 | Zozénia · wall_segment Palisade Wall x1 |
| 18:30 | Zozénia · wall_segment Palisade Wall x2 |
| 18:30 | Zozénia · wall_segment Palisade Wall x1 |
| 18:31 | Zozénia · wall_segment Palisade Wall x1 |
| 18:31 | Zozénia · wall_segment Palisade Wall x1 |
| 18:32 | Zozénia · wall_segment Palisade Wall x1 |
| 18:33 | twitch: aoe2_billybadbeat · wall_segment Palisade Wall x1 |
| 18:34 | twitch: aoe2_billybadbeat · wall_segment Palisade Wall x1 |
| 18:34 | twitch: aoe2_billybadbeat · wall_segment Palisade Wall x1 |
| 18:35 | twitch: aoe2_billybadbeat · wall_segment Palisade Wall x1 |
| 18:35 | twitch: aoe2_billybadbeat · wall_segment Palisade Wall x2 |
| 18:35 | twitch: aoe2_billybadbeat · wall_segment Palisade Wall x1 |
| 18:36 | twitch: aoe2_billybadbeat · wall_segment Palisade Wall x2 |
| 18:36 | twitch: aoe2_billybadbeat · wall_segment Palisade Wall x2 |
| 18:36 | twitch: aoe2_billybadbeat · wall_segment Palisade Wall x1 |
| 18:36 | twitch: aoe2_billybadbeat · wall_segment Palisade Wall x1 |
| 18:37 | twitch: aoe2_billybadbeat · wall_segment Palisade Wall x1 |
| 18:55 | twitch: aoe2_billybadbeat · age_up feudal |
| 19:39 | Zozénia · first_building Dock |
| 20:43 | Zozénia · resign |
[ ANÁLISIS IA · 1 CRÉDITO ]
¿Qué pasó realmente en esta partida?
Wolo.gg analiza cada decisión: build order, eco, micro, errores típicos por bracket. Análisis personalizado por WhatsApp o Discord en 30 segundos.
Guía civ
Sicilianos
Perfil
billy bad beat